 Dungeon Crawl Stone Soup version 0.20-a0-809-gaf7f668 (webtiles) character file.

441 Gruud the Chopper (level 6, -10/44 HPs)
             Began as a Demonspawn Gladiator on Mar 3, 2017.
             Was a Believer of Uskayaw.
             Mangled by a gnoll
             ... wielding a +0 flail
              (11 damage)
             ... on level 4 of the Dungeon.
             The game lasted 00:10:28 (3248 turns).

Gruud the Chopper (Demonspawn Gladiator)            Turns: 3248, Time: 00:10:28

Health: -10/44     AC:  8    Str: 14    XL:     6   Next: 70%
Magic:  8/8        EV: 10    Int: 16    God:    Uskayaw [**....]
Gold:   275        SH:  2    Dex: 16    Spells: 5/5 levels left

rFire    . . .     SeeInvis .   a - +0 war axe
rCold    . . .     Gourm    .   E - +0 scale mail
rNeg     . . .     Faith    .   (no shield)
rPois    .         Spirit   .   (helmet restricted)
rElec    .         Reflect  +   (no cloak)
rCorr    .         Harm     .   (no gloves)
MR       .....                  (no boots)
Stlth    ..........             q - +2 amulet of reflection
Regen    0.2/turn               (no ring)
MPRegen  0.2/turn               t - +6 ring of intelligence

@: no status effects
A: horns 1, yellow scales 1, demonic guardian 1
a: Stomp, Line Pass, Renounce Religion


You were on level 4 of the Dungeon.
You worshipped Uskayaw.
Uskayaw was noncommittal.
You were not hungry.

You visited 1 branch of the dungeon, and saw 5 of its levels.

You collected 275 gold pieces.

Inventory:

Hand Weapons
 a - a +0 war axe (weapon)
 b - a +0 hand axe
Missiles
 d - 3 throwing nets (quivered)
Armour
 E - a +0 scale mail (worn)
Jewellery
 q - a +2 amulet of reflection (around neck)
 t - a +6 ring of intelligence (left hand)
Scrolls
 c - a scroll of blinking {unknown}
 h - a scroll of remove curse
 j - a scroll of recharging {unknown}
 k - a scroll of random uselessness {unknown}
 m - a scroll of amnesia {unknown}
 n - a scroll of noise {unknown}
 v - a scroll of magic mapping {unknown}
 z - 2 scrolls of teleportation {unknown}
 D - 2 scrolls of enchant weapon {unknown}
Potions
 e - a potion of magic {unknown}
 l - 2 potions of might
 o - 5 potions of curing
 r - a potion of agility {unknown}
 s - 2 potions of haste
 u - a potion of lignification {unknown}
 w - a potion of mutation {unknown}
 x - 2 potions of heal wounds
 y - a potion of berserk rage {unknown}
 B - a potion of cancellation {unknown}
Comestibles
 f - 5 bread rations
 g - 2 meat rations
 i - a royal jelly


   Skills:
 - Level 2.0 Fighting
 * Level 6.6 Axes
 - Level 1.7 Throwing
 - Level 2.6 Dodging
 + Level 3.0 Invocations


You had 5 spell levels left.
You didn't know any spells.

Dungeon Overview and Level Annotations

Branches:
Dungeon (5/15)
 Temple: D:4-7

Altars:
Dithmenos
Fedhas
Nemelex Xobeh
Trog
Uskayaw

Annotations:
D:3 exclusion: oklob plant


Innate Abilities, Weirdness & Mutations

You have a pair of small horns on your head.
You are partially covered in yellow scales. (AC +2)
A weak demonic guardian rushes to your aid.


Message History

You can now pass through a line of other dancers.
As you read the scroll of fear, it crumbles to dust.
You assume a fearsome visage.
The gnoll sergeant looks frightened!
The gnoll looks frightened! x5
You hit the gnoll.
Your attack snaps the gnoll out of its fear.
The gnoll is moderately wounded.
Cornered, the gnoll turns to fight! x2
The gnoll hits you but does no damage. You block the gnoll's attack.
Cornered, the gnoll turns to fight! x2
You hit the gnoll.
The gnoll is almost dead.
You slash the gnoll!
You kill the gnoll!
Your Invocations skill increases to level 3!
You hit the gnoll.
The gnoll hits you but does no damage. x2
The gnoll hits you from afar with a spear!
* * * LOW HITPOINT WARNING * * *
The gnoll hits you with a flail!
You die...

##########+### #...#
######.......##.#<###.#.#
#......###.#.##.[[)...#.#
########......###.#.####.#####.#
#..)..##..≈≈≈≈≈≈≈≈≈......#.....#
#.###)##..≈##≈≈≈##≈.............
#.# #(##..≈#######≈.####.#.#####
##.###)##..≈≈#g).#≈≈.# #....#
#......('..≈≈#gg@5...#
#.########
######.##..≈≈#gg.#≈≈.#
#.#.......
#.####≈#######≈.###.#.######
#.####≈##≈≈≈##≈...#.#.#
#(....≈≈≈≈≈≈≈≈≈.....#.#
##############.######.#
#...#....# ###.#.#### #.#.#


You could see a gnoll sergeant (fleeing), 4 gnolls and a friendly iron imp.

Vanquished Creatures
  A scorpion (D:4)
  The ghost of Sapher the Ruffian, a weakling VSFi (D:3)
  A hound (D:4)
  3 orc priests (D:4)
  2 orc wizards (D:4)
  A worker ant (D:4)
  A hound skeleton (D:4)
  5 gnolls
  3 adders
  2 worms
  A dart slug (D:1)
  2 leopard geckos
  9 orcs
  2 ball pythons (D:3)
  4 giant cockroaches
  4 goblins
  6 hobgoblins
  3 jackals (D:3)
  A quokka (D:3)
  11 bats
  A frilled lizard (D:2)
  6 kobolds
  6 rats
76 creatures vanquished.

Vanquished Creatures (others)
  17 toadstools (D:3)
17 creatures vanquished.

Grand Total: 93 creatures vanquished

Notes
Turn   | Place    | Note
-------+----------+-------------------------------------------
     0 | D:1      | Gruud the Demonspawn Gladiator began the quest for the Orb.
     0 | D:1      | Reached XP level 1. HP: 16/16 MP: 1/1
   322 | D:1      | Reached skill level 3 in Axes
   363 | D:1      | Gained mutation: You have a pair of small horns on your head. [demonic ancestry]
   363 | D:1      | Reached XP level 2. HP: 13/22 MP: 2/2
   681 | D:2      | Found a shadowy altar of Dithmenos.
   821 | D:2      | Found a sparkling altar of Nemelex Xobeh.
   899 | D:2      | Reached XP level 3. HP: 27/27 MP: 3/3
  1130 | D:1      | Reached skill level 4 in Axes
  1442 | D:3      | Noticed Sapher's ghost (weakling VSFi)
  1447 | D:3      | Killed Sapher's ghost
  1447 | D:3      | Gained mutation: You are partially covered in yellow scales. (AC +2) [demonic ancestry]
  1447 | D:3      | Reached XP level 4. HP: 31/33 MP: 4/4
  1473 | D:4      | Reached skill level 5 in Axes
  1515 | D:3      | Found a blossoming altar of Fedhas.
  1529 | D:3      | Noticed an oklob plant
  1648 | D:3      | Reached XP level 5. HP: 35/38 MP: 5/5
  1672 | D:3      | Found a bloodstained altar of Trog.
  2046 | D:3      | Found a hide-covered altar of Uskayaw.
  2054 | D:3      | Became a worshipper of Uskayaw the Reveler
  2214 | D:4      | Reached * piety under Uskayaw
  2218 | D:4      | Reached ** piety under Uskayaw
  2259 | D:5      | Entered Level 5 of the Dungeon
  2266 | D:5      | Reached skill level 1 in Invocations
  2317 | D:4      | Reached skill level 6 in Axes
  2557 | D:4      | Gained mutation: A weak demonic guardian rushes to your aid. [demonic ancestry]
  2557 | D:4      | Reached XP level 6. HP: 38/44 MP: 7/7
  2599 | D:4      | Reached *** piety under Uskayaw
  3248 | D:4      | HP: 1/44 [gnoll/spear (7)]
  3248 | D:4      | Mangled by a gnoll

Vault maps used:
D:1:      dpeg_arrival_simpleton_b
D:2:      lemuel_crystal_altar, nemelex_xobeh_ov_fountains_minmay,
          hangedman_decor_growths
D:3:      marbit_many_paths, tgw_fedhas, first_bread, trog_three_pillars_becter
D:4:      lightli_minifort
D:5:      serial_shops, shop, roderic_roman_lattice

Skill      XL: |  1  2  3  4  5  6 |
---------------+-------------------+-----
Axes           | 3 4 5 6 |  6.6
Invocations    | 2 3 |  3.0
Fighting       | |  2.0
Throwing       | |  1.7
Dodging        | |  2.6

Action                   |  1- 3 |  4- 6 || total
-------------------------+-------+-------++-------
Melee: War axe           |   120 |    91 ||   211
       Headbutt          |    11 |    35 ||    46
       Hand axe          |       |    64 ||    64
Throw: Throwing net      |       |     2 ||     2
  Use: Scroll            |     2 |     6 ||     8
       Potion            |     1 |       ||     1
 Stab: Sleeping          |     1 |       ||     1
       Paralysed         |       |     4 ||     4
  Eat: Chunk             |     2 |     6 ||     8
Armor: Leather armour    |    26 |       ||    26
       Ring mail         |    37 |    27 ||    64
       Scale mail        |       |    34 ||    34
Dodge: Dodged            |   109 |    81 ||   190
Block: Other             |     3 |    16 ||    19
